AoeStats
← Lukan

Arabian Desert

513969739Analyzed
1v1 RM · 21d ago on Oct 16, 2026· 50m 2s· 2 players
Game mode
Random Map
Map size
Tiny (2 player)
Population
200
Speed
Normal
Resources
Standard
Victory
Conquest
Starting age
Dark Age
Ending age
Imperial Age
RankedLock teamsTeams togetherTeam positionsShared explorationLock speedFull tech treeHidden civsTurbo modeCheats
Victory
Defeat
🇵🇪 Franks · Peru
1180
+16
vs
🇻🇳 Portuguese · Vietnam
1170
-16
betapchoi
7:20 Loom
9:56 Feudal Age
10:25 Double-Bit Axe
19:12 Castle Age
18:01 Fletching
20:12 Bow Saw
20:12 Horse Collar
21:14 Bodkin Arrow
21:59 Pikeman
25:18 Forging
27:50 Ballistics
29:45 Scale Mail Armor
35:28 Imperial Age
35:10 Gold Mining
41:00 Two-Man Saw
42:13 Cavalier
46:22 Chemistry
45:41 Elite Skirmisher
46:38 Bloodlines
46:36 Scale Barding Armor
Lukan
6:41 Loom
9:08 Feudal Age
9:38 Double-Bit Axe
19:24 Castle Age
17:36 Stone Mining
19:18 Scale Barding Armor
20:26 Wheelbarrow
21:19 Forging
23:42 Gold Mining
24:21 Fletching
25:28 Bow Saw
29:28 Husbandry
29:33 Scale Mail Armor
32:20 Town Watch
33:02 Chain Barding Armor
33:38 Gold Shaft Mining
36:26 Iron Casting
41:35 Imperial Age
41:11 Light Cavalry
42:18 Chain Mail Armor
42:54 Conscription
42:52 Elite Throwing Axeman
44:51 Blast Furnace
46:18 Plate Barding Armor
48:49 Plate Mail Armor
48:24 Cavalier
49:37 Hand Cart
51:00 Chemistry
50:24 Ballistics
Connection lost

Rejoining the realm…

Still unreachable

The connection could not be restored.

Session expired

The server has moved on; the page needs a fresh start.